AoeStats
← Tian

Socotra

505524900Analyzed
2v2 RM · 21d ago on Sep 9, 2026· 47m 54s· 4 players
Game mode
Random Map
Map size
Tiny (2 player)
Population
200
Speed
Normal
Resources
Standard
Victory
Conquest
Starting age
Dark Age
Ending age
Imperial Age
RankedLock teamsTeams togetherTeam positionsShared explorationLock speedFull tech treeHidden civsTurbo modeCheats
Victory
Defeat
🇹🇭 Teutons · Thailand
893
+15
🇹🇭 Japanese · Thailand
885
+16
🇸🇪 Dravidians · Sweden
881
-16
🇸🇪 Japanese · Sweden
871
-15
Tian
5:42 Loom
10:55 Feudal Age
10:56 Man-at-Arms
11:22 Arson
12:48 Double-Bit Axe
13:24 Town Watch
15:41 Horse Collar
17:37 Wheelbarrow
18:56 Fletching
21:58 Castle Age
22:30 Long Swordsman
23:12 Squires
23:26 Forging
23:31 Thumb Ring
24:38 Gambesons
25:12 Scale Mail Armor
26:09 Iron Casting
27:02 Chain Mail Armor
31:18 Elite Skirmisher
31:54 Bodkin Arrow
32:27 Bow Saw
32:52 Padded Archer Armor
34:46 Ballistics
39:29 Ballistics
42:40 Imperial Age
43:40 Caravan
44:20 Thumb Ring
Brorbert
5:14 Loom
5:19 Loom
13:15 Feudal Age
13:47 Arson
13:29 Man-at-Arms
14:54 Arson
16:25 Scale Mail Armor
16:22 Man-at-Arms
17:39 Horse Collar
19:27 Forging
19:23 Double-Bit Axe
21:42 Wheelbarrow
25:12 Castle Age
25:11 Wheelbarrow
24:35 Fletching
25:13 Town Watch
26:19 Chain Mail Armor
26:10 Stone Mining
27:18 Squires
26:43 Long Swordsman
26:44 Pikeman
29:30 Hand Cart
31:15 Gold Mining
32:05 Iron Casting
31:46 Town Patrol
34:32 Bodkin Arrow
34:38 Padded Archer Armor
36:45 Gold Shaft Mining
39:55 Imperial Age
39:31 Yasama
41:01 Conscription
45:25 Plate Mail Armor
46:45 Blast Furnace
Cody
4:07 Loom
11:34 Feudal Age
19:06 Castle Age
18:55 Double-Bit Axe
18:53 Horse Collar
19:05 Stone Mining
20:35 Wheelbarrow
24:27 Town Watch
32:14 Squires
32:37 Forging
32:27 Scale Mail Armor
35:28 Hand Cart
38:58 Imperial Age
39:07 Elite Teutonic Knight
40:14 Conscription
40:37 Iron Casting
40:18 Chain Mail Armor
39:55 Fletching
41:39 Ballistics
41:30 Masonry
40:59 Capped Ram
42:46 Plate Mail Armor
43:16 Blast Furnace
47:15 Onager
Zozimbo
0:49 Loom
11:56 Feudal Age
20:06 Castle Age
37:11 Imperial Age
36:26 Scale Mail Armor
40:49 Elite Samurai
Connection lost

Rejoining the realm…

Still unreachable

The connection could not be restored.

Session expired

The server has moved on; the page needs a fresh start.